[Event "Early-Titled-Tuesday-Blitz-September-12-2023"]
[Site "Chess.com"]
[Date "2023.09.12"]
[Round "8"]
[White "MusicCityMaster"]
[Black "Chessdreamer2020"]
[Result "1-0"]
[WhiteElo "2397"]
[BlackElo "2511"]
[TimeControl "180+1"]
[EndTime "9:27:41 PDT"]
[Termination "MusicCityMaster won by checkmate"]

1. e4 d6 2. d4 Nf6 3. Nc3 c6 4. Bg5 Nbd7 5. a4 e5 6. Nf3 Be7 7. Bc4 O-O 8. h4 Re8 9. O-O Qc7 10. Re1 h6 11. Bc1 Bf8 12. b3 b6 13. Bb2 a6 14. d5 c5 15. Bf1 Qd8 16. Nd2 g6 17.
Nc4 Rb8 18. Re3 h5 19. Rg3 Kh7 20. Bd3 Ng4 21. f3 Qxh4 22. Rh3 Qf2+ 23. Kh1 Ne3 24.
Nxe3 Qxe3 25. Rh2 Bh6 26. Bc1 Qd4 27. Bxh6 Kxh6 28. Qd2+ Kg7 29. Rb1 Qb4 30. Rf1 b5 31. axb5 axb5 32. f4 exf4 33. Qxf4 Ne5 34. Qf6+ Kg8 35.
Ne2 c4 36. bxc4 bxc4 37. Nf4 Ng4 38. Qg5 cxd3 39. Nxg6 Qxe4 40. Ne5+ Kf8 41. Rxf7# 1-0

[Event "Early-Titled-Tuesday-Blitz-September-12-2023"]
[Site "Chess.com"]
[Date "2023.09.12"]
[Round "8"]
[White "Romkachess"]
[Black "Jackalhead_Anubis"]
[Result "0-1"]
[WhiteElo "2507"]
[BlackElo "2394"]
[TimeControl "180+1"]
[EndTime "9:27:43 PDT"]
[Termination "Jackalhead_Anubis won by resignation"]

1. e4 e5 2. d4 exd4 3. Qxd4 Nc6 4. Qe3 Nf6 5. Nc3 Bb4 6. Bd2 O-O 7. O-O-O d6 8. Qg3 Ne5 9. f3 Nh5 10. Qf2 Bc5 11. Qe1 c6 12. g4 Nf6 13. Qg3 h5 14.
g5 Nh7 15. h4 Qb6 16. Be2 Bf2 17. Qg2 Be3 18. Nh3 g6 19. Nf4 Bxd2+ 20. Rxd2 Qe3 21. Qg3 Be6 22. Nd1 Qc5 23. Nd3 Nxd3+ 24. Bxd3 Bxa2 25.
f4 d5 26. e5 Bc4 27. f5 Qa5 28. c3 Qa1+ 29. Kc2 b5 30. Rg1 Bb3+ 0-1

[Event "Early-Titled-Tuesday-Blitz-September-12-2023"]
[Site "Chess.com"]
[Date "2023.09.12"]
[Round "8"]
[White "Juicy_Fork"]
[Black "JaloliddinIlkhomi"]
[Result "0-1"]
[WhiteElo "2469"]
[BlackElo "2625"]
[TimeControl "180+1"]
[EndTime "9:27:45 PDT"]
[Termination "JaloliddinIlkhomi won by checkmate"]

1. e4 e6 2. d4 d5 3. Nc3 Bb4 4. e5 c5 5. Bd2 Ne7 6. a3 Bxc3 7. Bxc3 b6 8. Qg4 O-O 9. Nf3 Ba6 10. Bxa6 Nxa6 11.
Qf4 f6 12. O-O-O c4 13. h4 b5 14. h5 Nc6 15. Qg3 b4 16. h6 g6 17. axb4 Naxb4 18.
Bxb4 Nxb4 19. exf6 Qa5 20. Ng5 Rxf6 21. Qe5 Raf8 22. f3 Na2+ 23. Kb1 Nb4 24. Nxe6 Qa2+ 25.
Kc1 c3 26. Rdf1 Qa1# 0-1

[Event "Early-Titled-Tuesday-Blitz-September-12-2023"]
[Site "Chess.com"]
[Date "2023.09.12"]
[Round "8"]
[White "fen_fire"]
[Black "chess123456s"]
[Result "0-1"]
[WhiteElo "2473"]
[BlackElo "2621"]
[TimeControl "180+1"]
[EndTime "9:27:48 PDT"]
[Termination "chess123456s won on time"]

1. c3 d5 2. d3 Nf6 3. Nd2 e5 4.
Ngf3 Nc6 5. e4 Bc5 6. Be2 O-O 7.
h3 a5 8. Qc2 Re8 9. a4 b6 10.
O-O Ba6 11. Re1 Qd7 12. Bf1 h6 13. exd5 Nxd5 14. Nc4 Bxc4 15. dxc4 Nf6 16. Nd2 Rad8 17. Ne4 Nxe4 18. Qxe4 Kh8 19. g4 Ne7 20. Bg2 Ng6 21.
Qf5 Qd3 22. Qxd3 Rxd3 23. Be4 Rxh3 24. Kg2 Rh4 25. f3 Nf4+ 26. Bxf4 exf4 27. Bd5 Be3 28. Bxf7 Re7 29. Bh5 Kh7 0-1

[Event "Early-Titled-Tuesday-Blitz-September-12-2023"]
[Site "Chess.com"]
[Date "2023.09.12"]
[Round "8"]
[White "viktorskliarov"]
[Black "LoaySameer"]
[Result "1-0"]
[WhiteElo "2664"]
[BlackElo "2531"]
[TimeControl "180+1"]
[EndTime "9:27:49 PDT"]
[Termination "viktorskliarov won by resignation"]

1. e4 g6 2. d4 Bg7 3. Nc3 d6 4.
Be3 a6 5. f3 b5 6. Qd2 Nd7 7.
g4 Bb7 8. h4 h5 9. gxh5 Rxh5 10. Nge2 Ngf6 11. Ng3 Rh8 12. O-O-O c5 13. Kb1 b4 14.
Nce2 Qc7 15. h5 Nxh5 16. Nxh5 gxh5 17. Ng3 h4 18. Nf5 Bf6 19. Bg5 O-O-O 20. Nxe7+ Bxe7 21.
Bxe7 Rde8 22. dxc5 dxc5 23. Bd6 Qb6 24. Bh3 Bc6 25.
Qf4 c4 26. Qxf7 b3 27. Qxc4 bxa2+ 28. Qxa2 Rh7 29. Bf5 Rg7 30. Rxh4 Kb7 31. Rg4 Rh7 32. Bxh7 1-0

[Event "Early-Titled-Tuesday-Blitz-September-12-2023"]
[Site "Chess.com"]
[Date "2023.09.12"]
[Round "8"]
[White "HrvojeZagreb"]
[Black "Zheenbekov86"]
[Result "0-1"]
[WhiteElo "2263"]
[BlackElo "2409"]
[TimeControl "180+1"]
[EndTime "9:27:51 PDT"]
[Termination "Zheenbekov86 won on time"]

1. d4 Nf6 2. Nc3 d5 3. Bg5 e6 4. e4 dxe4 5. Nxe4 Nbd7 6. Nxf6+ Nxf6 7. c3 Be7 8. Nf3 O-O 9. Bd3 b6 10. Qc2 h6 11. h4 Bb7 12. O-O-O Qd5 13. Bxf6 Bxf6 14. Kb1 Rfd8 15. Rde1 Qa5 16. Bh7+ Kf8 17. Be4 Bxe4 18. Qxe4 Qd5 19. Qh7 c5 20. Re3 cxd4 21.
cxd4 Rac8 22. Rd1 Rc5 23. g4 Rdc8 24. g5 hxg5 25. hxg5 Bxg5 26. Nxg5 Qxd4 0-1

[Event "Early-Titled-Tuesday-Blitz-September-12-2023"]
[Site "Chess.com"]
[Date "2023.09.12"]
[Round "8"]
[White "Rsnr"]
[Black "BillieKimbah"]
[Result "0-1"]
[WhiteElo "2914"]
[BlackElo "3026"]
[TimeControl "180+1"]
[EndTime "9:27:52 PDT"]
[Termination "BillieKimbah won by resignation"]

1. d4 Nf6 2. c4 e6 3. Nf3 d5 4. g3 Bb4+ 5. Bd2 Bd6 6. Nc3 O-O 7.
Bg5 Be7 8. Bg2 h6 9. Bxf6 Bxf6 10. Qb3 c6 11. O-O Qb6 12. c5 Qc7 13. e4 b6 14. cxb6 axb6 15. Qc2 Qa7 16. Rfd1 b5 17. a3 Nd7 18. exd5 exd5 19. Ne2 Bb7 20. Nf4 Rfe8 21.
Rac1 Nb6 22. Nd3 Nc4 23. Nc5 Bc8 24. Re1 Bg4 25. b3 Nxa3 26. Qd2 b4 27. Rxe8+ Rxe8 28. Qxb4 Nb5 29. Rd1 Nxd4 30. Nxd4 Bxd1 31. Nxc6 Qa1 0-1

[Event "Early-Titled-Tuesday-Blitz-September-12-2023"]
[Site "Chess.com"]
[Date "2023.09.12"]
[Round "8"]
[White "Alphafischer2019"]
[Black "Hope_6"]
[Result "1-0"]
[WhiteElo "2553"]
[BlackElo "2684"]
[TimeControl "180+1"]
[EndTime "9:27:52 PDT"]
[Termination "Alphafischer2019 won by checkmate"]

1. Nf3 d5 2. b3 Nf6 3. Bb2 Bf5 4. g3 e6 5. Bg2 Be7 6. d3 h6 7. O-O O-O 8. Nbd2 a5 9. a3 Nbd7 10. Qe1 Bh7 11. e4 Nc5 12. Ne5 Nfd7 13. Nxd7 Qxd7 14. Qe2 Na6 15. Nf3 c5 16. Ne5 Qd6 17. f4 d4 18. Nc4 Qc7 19. e5 Rac8 20. a4 Nb4 21.
Rf2 Rfd8 22. Raf1 Nd5 23. g4 Bh4 24. Rf3 Be7 25. Kh1 Rb8 26. f5 b5 27. axb5 Rxb5 28. Bc1 a4 29. bxa4 Rb1 30. f6 gxf6 31. Bxh6 Rxf1+ 32. Rxf1 fxe5 33. Nxe5 Bf6 34. Nc4 Bh8 35. Bg5 Re8 36.
Bxd5 Bg7 37. Bg2 e5 38. Nd2 Qd7 39. Ne4 Qxa4 40. Nf6+ Bxf6 41. Bxf6 Re6 42. Qd2 Bg6 43. Qh6 Rxf6 44. Rxf6 Qxc2 45. Rxg6+ fxg6 46. Bd5# 1-0

[Event "Early-Titled-Tuesday-Blitz-September-12-2023"]
[Site "Chess.com"]
[Date "2023.09.12"]
[Round "8"]
[White "Aash20"]
[Black "pirulillo"]
[Result "1-0"]
[WhiteElo "2508"]
[BlackElo "2306"]
[TimeControl "180+1"]
[EndTime "9:27:52 PDT"]
[Termination "Aash20 won by resignation"]

1. e4 c5 2. Nf3 e6 3. Nc3 Nc6 4. Bb5 Nd4 5. O-O a6 6. Be2 b5 7. d3 Bb7 8. Be3 Nf6 9. Nxd4 cxd4 10.
Bxd4 Be7 11. f4 d5 12. e5 Nd7 13. Bf2 Bc5 14. d4 Bb4 15. Nb1 Rc8 16. c3 Be7 17. a3 f5 18. exf6 Nxf6 19. Bd3 O-O 20. Nd2 Bd6 21. Bg3 Qb6 22. Qe2 Rce8 23. Kh1 Bc6 24. Nf3 Ne4 25. Ne5 Bxe5 26. fxe5 a5 27. Bh4 Qb7 28. Qg4 Rxf1+ 29. Rxf1 Bd7 30. Qf4 Qa8 31. Qf7+ Kh8 32. Qxd7 Rf8 33. Rf7 Rxf7 34. Qxf7 b4 35. cxb4 axb4 36. Bxe4 dxe4 37. Qxe6 bxa3 38. bxa3 e3 39.
h3 h6 40. Qd6 Qe4 41. Be1 Qb1 42. Qb4 Qd3 43. e6 e2 44. e7 1-0

[Event "Early-Titled-Tuesday-Blitz-September-12-2023"]
[Site "Chess.com"]
[Date "2023.09.12"]
[Round "8"]
[White "HeinichessPY"]
[Black "pankajfm"]
[Result "1-0"]
[WhiteElo "2343"]
[BlackElo "2106"]
[TimeControl "180+1"]
[EndTime "9:27:53 PDT"]
[Termination "HeinichessPY won by resignation"]

1. e4 c5 2. Nc3 Nc6 3. g3 g6 4.
Bg2 Bg7 5. Nge2 e6 6. O-O Nge7 7. d3 O-O 8. Be3 b6 9. Qd2 Re8 10. f4 d5 11. Bf2 d4 12. Nb5 a6 13. Na3 Bb7 14.
Nc4 b5 15. Ne5 Nxe5 16. fxe5 Bxe5 17. g4 Qc7 18. Bg3 Bxg3 19. Nxg3 Nc6 20. Qh6 Ne5 21. h3 Qe7 22. Rf2 Qf8 23. Qg5 Qg7 24. Raf1 h6 25. Qh4 Rf8 26. Rf6 Nd7 27. R6f2 c4 28. Qe7 Rad8 29. h4 cxd3 30. cxd3 Qe5 31. Rxf7 Rxf7 32. Qxf7+ Kh8 33. Qxg6 Qxg3 34. Qxh6+ Kg8 35. Qxe6+ Kh8 36. Qh6+ Kg8 37. Qg5+ Kh7 38. Rf7+ 1-0

[Event "Early-Titled-Tuesday-Blitz-September-12-2023"]
[Site "Chess.com"]
[Date "2023.09.12"]
[Round "8"]
[White "LevonAronian"]
[Black "FabianoCaruana"]
[Result "1-0"]
[WhiteElo "3059"]
[BlackElo "3070"]
[TimeControl "180+1"]
[EndTime "9:27:54 PDT"]
[Termination "LevonAronian won by resignation"]

1. e4 e5 2. Nf3 Nc6 3. Bc4 Bc5 4. c3 Nf6 5. d4 exd4 6. e5 d5 7. Bb5 Ne4 8. cxd4 Bb6 9. Nc3 O-O 10. Be3 f5 11. g3 Be6 12. Ne2 g5 13. h4 f4 14.
gxf4 g4 15. Ng5 Bf5 16. Nxe4 Bxe4 17. Rg1 Qxh4 18. Ng3 Ba5+ 19. Bd2 Bxd2+ 20. Qxd2 Bf3 21. f5 Rae8 22. Bxc6 bxc6 23. Rc1 Rf6 24. Qe3 Kh8 25. Kd2 Rf7 26. Rxc6 Qh2 27. Rgc1 Be4 28. Rh6 Qg2 29. e6 Rfe7 30. Rch1 Rb8 31. b3 Qf3 32. Qxf3 Bxf3 33. R1h4 Kg8 34. Nh5 Rf8 35. Nf6+ Kg7 36. Nd7 Rxf5 37.
Rxh7+ Kg6 38. Rxe7 Be4 39. Rxg4+ 1-0

[Event "Early-Titled-Tuesday-Blitz-September-12-2023"]
[Site "Chess.com"]
[Date "2023.09.12"]
[Round "8"]
[White "crazy_but_lazy"]
[Black "kleopl"]
[Result "1-0"]
[WhiteElo "2640"]
[BlackElo "2520"]
[TimeControl "180+1"]
[EndTime "9:27:54 PDT"]
[Termination "crazy_but_lazy won by resignation"]

1. Nf3 c5 2. e3 Nc6 3. b3 g6 4. Bb2 Nf6 5. c4 Bg7 6. Nc3 O-O 7. Be2 d5 8. cxd5 Nxd5 9. O-O b6 10. Qc2 Ndb4 11. Qb1 Bf5 12. e4 Bg4 13. a3 Na6 14. Bxa6 Bxf3 15. gxf3 e6 16. Ne2 Bh6 17. Bb7 Na5 18.
Bxa8 Qxa8 19. Bc3 Nc6 20. b4 c4 21. b5 Nd8 22. Qb4 Qc8 23. Qd6 Re8 24. Qg3 e5 25.
Bxe5 Ne6 26. Rfd1 Qc5 27. Nc3 Ng5 28. Bf4 Nh3+ 29. Qxh3 Bxf4 30. Nd5 Be5 31. Qd7 Rf8 32. Rac1 Qxa3 33. Rc3 Qa4 34. Rdc1 Bxc3 35. dxc3 Qa3 36. Rd1 Qc5 37. Ne7+ Kg7 38. Qd4+ Qxd4 39. Rxd4 Ra8 40. Rxc4 a5 41. bxa6 Rxa6 42. Nd5 b5 43. Rb4 1-0

[Event "Early-Titled-Tuesday-Blitz-September-12-2023"]
[Site "Chess.com"]
[Date "2023.09.12"]
[Round "8"]
[White "Gareth-Bale11"]
[Black "artooon"]
[Result "0-1"]
[WhiteElo "2776"]
[BlackElo "3040"]
[TimeControl "180+1"]
[EndTime "9:27:58 PDT"]
[Termination "artooon won by resignation"]

1. d4 d5 2. c4 e6 3. Nc3 Nf6 4. cxd5 exd5 5. Bg5 Bb4 6. e3 h6 7. Bh4 g5 8. Bg3 Ne4 9. Qc2 h5 10. Bd3 Bf5 11. Ne2 Nc6 12. O-O-O Bxc3 13. Nxc3 Nxc3 14. bxc3 Bxd3 15. Qxd3 h4 16. Be5 Rh6 17. Qf5 Qe7 18. Kb1 f6 19. e4 fxe5 20. exd5 Na5 21. dxe5 Rb6+ 22. Kc2 Qa3 23. e6 Qxa2+ 24. Kd3 Qc4+ 25. Ke3 Qxc3+ 26. Rd3 Nc4+ 27. Kf3 Ne5+ 28. Ke4 Rb4+ 0-1

[Event "Early-Titled-Tuesday-Blitz-September-12-2023"]
[Site "Chess.com"]
[Date "2023.09.12"]
[Round "8"]
[White "Mikedannnn"]
[Black "IMTominho"]
[Result "0-1"]
[WhiteElo "2558"]
[BlackElo "2823"]
[TimeControl "180+1"]
[EndTime "9:27:58 PDT"]
[Termination "IMTominho won by resignation"]

1. e4 c5 2. Nf3 e6 3. c4 a6 4.
Nc3 Qc7 5. Be2 Nf6 6. O-O Nc6 7. d3 Bd6 8. h3 h6 9. Be3 b6 10. d4 cxd4 11. Nxd4 O-O 12. Rc1 Bb7 13. Nd5 exd5 14. cxd5 Bh2+ 15. Kh1 Bf4 16. dxc6 dxc6 17. Bxf4 Qxf4 18. Nxc6 Nxe4 19. Bf3 Rfe8 20. Qd7 Bxc6 21.
Qxc6 Nd2 22. Rfe1 Rxe1+ 23. Rxe1 Rf8 24. Re3 Nf1 25. g3 Nxg3+ 26. Kg1 Nf5 27. Re8 g6 28. Bd5 Nh4 29. Rxf8+ Kxf8 30. Qxb6 Qg5+ 31. Kh1 Qxd5+ 0-1

[Event "Early-Titled-Tuesday-Blitz-September-12-2023"]
[Site "Chess.com"]
[Date "2023.09.12"]
[Round "8"]
[White "DonJuanEGenaro"]
[Black "Quattroporte300"]
[Result "1-0"]
[WhiteElo "1994"]
[BlackElo "2384"]
[TimeControl "180+1"]
[EndTime "9:27:58 PDT"]
[Termination "DonJuanEGenaro won by resignation"]

1. d4 g6 2. Nf3 Bg7 3. Bf4 d6 4. e3 Nd7 5. Bc4 Ngf6 6. Bxf7+ Kxf7 7. Ng5+ Kg8 8. Ne6 Qe8 9. Nxc7 Qf7 10. Nxa8 Nd5 11. Bg3 b6 12. c4 Bb7 13. cxd5 Bxa8 14.
Nc3 h5 15. h3 Kh7 16. e4 Qf6 17. Qa4 Rd8 18. Rd1 a5 19. O-O Bb7 20. Rfe1 Qf7 21. h4 Nf6 22. Qb5 Nd7 23. e5 dxe5 24.
dxe5 Qe8 25. Ne4 Kh8 26. Ng5 Rb8 27. e6 Nf6 28. Qxb6 Nxd5 29. Rxd5 Bxd5 30. Qxb8 1-0

[Event "Early-Titled-Tuesday-Blitz-September-12-2023"]
[Site "Chess.com"]
[Date "2023.09.12"]
[Round "8"]
[White "lluiss"]
[Black "LileKoridze"]
[Result "0-1"]
[WhiteElo "2177"]
[BlackElo "2374"]
[TimeControl "180+1"]
[EndTime "9:27:58 PDT"]
[Termination "LileKoridze won by resignation"]

1. Nf3 Nf6 2. d4 e6 3. g3 b5 4.
Bg2 Bb7 5. O-O c5 6. a4 b4 7.
b3 cxd4 8. Qxd4 Nc6 9. Qf4 d5 10. Bb2 Be7 11. Nbd2 O-O 12. Rfd1 Qb6 13. e4 Bc5 14.
Bxf6 Bxf2+ 15. Kh1 gxf6 16. exd5 exd5 17. Nh4 Qd4 18.
Qh6 Be3 19. Qh5 Bxd2 20. Nf5 Qe5 21. Rxd2 Ne7 22. Qg4+ Ng6 23. Rad1 Kh8 24. Nh6 Rad8 25. h4 Bc8 26. Qf3 Kg7 27. h5 Kxh6 28. hxg6 fxg6 29. Rxd5 Bb7 30. Rxe5 Bxf3 31. Bxf3 Rxd1+ 32. Bxd1 fxe5 0-1

[Event "Early-Titled-Tuesday-Blitz-September-12-2023"]
[Site "Chess.com"]
[Date "2023.09.12"]
[Round "8"]
[White "KNVB"]
[Black "h4parah5"]
[Result "0-1"]
[WhiteElo "2757"]
[BlackElo "2937"]
[TimeControl "180+1"]
[EndTime "9:27:59 PDT"]
[Termination "h4parah5 won by resignation"]

1. d4 Nf6 2. Bf4 c5 3. e3 Nd5 4. Bxb8 Rxb8 5. c3 e6 6. Nf3 Nf6 7. Bd3 b5 8. O-O Bb7 9. Nbd2 Be7 10. Qe2 b4 11. cxb4 cxd4 12. b5 dxe3 13. Qxe3 Qb6 14. Nc4 Qxe3 15. fxe3 O-O 16. a4 Nd5 17. Kf2 Nb4 18.
Be2 Rfc8 19. Rac1 f6 20. Nd4 Bd5 21. b3 Bc5 22. Rfd1 Be4 23. Rd2 e5 24. Bf3 exd4 25. Bxe4 dxe3+ 26. Nxe3 Bxe3+ 27. Kxe3 Rxc1 28. Rxd7 Re8 29. Kd2 Rcc8 30. Rd4 Rcd8 31. Rxd8 Rxd8+ 32. Kc3 a5 33. bxa6 Nxa6 34. b4 Nxb4 35. Kxb4 Rd4+ 36. Kb5 Rxe4 37.
a5 Kf7 38. a6 Re2 39. a7 Ra2 40. Kb6 f5 41. Kb7 f4 42. a8=Q Rxa8 0-1

[Event "Early-Titled-Tuesday-Blitz-September-12-2023"]
[Site "Chess.com"]
[Date "2023.09.12"]
[Round "8"]
[White "Eloist"]
[Black "JiiHart"]
[Result "1-0"]
[WhiteElo "2482"]
[BlackElo "2154"]
[TimeControl "180+1"]
[EndTime "9:27:59 PDT"]
[Termination "Eloist won by resignation"]

1. e4 c5 2. Nf3 Nc6 3. Bb5 e6 4. Bxc6 bxc6 5. Qe2 Ne7 6. d3 Ng6 7. h4 h5 8. e5 Be7 9. Qe4 Qc7 10. Bg5 Bb7 11.
Bxe7 Nxe7 12. Nbd2 d5 13. exd6 Qxd6 14. Qc4 Qd5 15. Ne4 O-O 16. Qxd5 cxd5 17. Nxc5 Bc6 18. O-O Rfc8 19. d4 Nf5 20. c3 Bb5 21. Rfe1 a5 22.
a4 Bc4 23. g3 Rab8 24. Reb1 Be2 25. Ne5 f6 26. Ned7 e5 27. Nxb8 Rxb8 28. dxe5 fxe5 29. b4 d4 30. bxa5 Ra8 31. cxd4 exd4 32. Ra3 d3 33. Nxd3 Nd4 34. Nf4 Nf3+ 35. Kg2 Rxa5 36. Nxe2 1-0

[Event "Early-Titled-Tuesday-Blitz-September-12-2023"]
[Site "Chess.com"]
[Date "2023.09.12"]
[Round "8"]
[White "ElenaPershina"]
[Black "Shockerlover"]
[Result "1-0"]
[WhiteElo "2260"]
[BlackElo "1988"]
[TimeControl "180+1"]
[EndTime "9:27:59 PDT"]
[Termination "ElenaPershina won by checkmate"]

1. c4 c5 2. g3 Nc6 3. Bg2 Nf6 4. Nf3 g6 5. Nc3 Bg7 6. a3 O-O 7. O-O e6 8. d4 cxd4 9. Nxd4 Qb6 10. Ndb5 Ne5 11.
Be3 Qd8 12. Nd6 Ne8 13. c5 Nxd6 14. cxd6 Nc4 15. Bf4 Nxb2 16. Qb3 Qb6 17. Qxb6 axb6 18. Nb5 Nc4 19. Ra2 Ra5 20. a4 e5 21. Rc1 exf4 22.
Rxc4 fxg3 23. hxg3 Re8 24. Rac2 Be5 25. Rxc8 Rxc8 26.
Rxc8+ Kg7 27. Rc4 Kf6 28. f4 Bb2 29. e4 Ke6 30. e5 Kf5 31. Bh3# 1-0

[Event "Early-Titled-Tuesday-Blitz-September-12-2023"]
[Site "Chess.com"]
[Date "2023.09.12"]
[Round "8"]
[White "play1ngtheangel"]
[Black "ShahMatKanal"]
[Result "1-0"]
[WhiteElo "2650"]
[BlackElo "2499"]
[TimeControl "180+1"]
[EndTime "9:28:00 PDT"]
[Termination "play1ngtheangel won on time"]

1. e4 g6 2. d4 d6 3. Nc3 Bg7 4. Be3 Nf6 5. Qd2 Ng4 6. Bg5 h6 7. Bh4 Nc6 8. f3 Nf6 9. O-O-O O-O 10. g4 e5 11. dxe5 Nxe5 12. h3 Nxe4 13. Nxe4 Qxh4 14. f4 Nc6 15. g5 hxg5 16. Nxg5 Bf5 17. N1f3 Qh8 18. c3 d5 19. Bd3 Bxd3 20. Qxd3 d4 21. f5 dxc3 22. fxg6 Rad8 23. gxf7+ Rxf7 24. Qc4 cxb2+ 25. Kb1 Rf8 26. Rd7 Qh5 27. Rxf7 Rxf7 28. Re1 Qg6+ 29.
Re4 b5 30. Qd5 Ne7 31. Qb3 Kh8 32. Nxf7+ Kh7 33. N7g5+ Kh6 34. Qe6 Nf5 35. Nf7+ Kh7 36. N3g5+ 1-0

[Event "Early-Titled-Tuesday-Blitz-September-12-2023"]
[Site "Chess.com"]
[Date "2023.09.12"]
[Round "8"]
[White "Ariadna_Atreides"]
[Black "Tsyhanchuk_Stanislav"]
[Result "0-1"]
[WhiteElo "2222"]
[BlackElo "2417"]
[TimeControl "180+1"]
[EndTime "9:28:01 PDT"]
[Termination "Tsyhanchuk_Stanislav won by resignation"]

1. d4 Nf6 2. Nf3 e6 3. e3 d5 4. Bd3 c5 5. Nbd2 Nc6 6. b3 Be7 7.
Bb2 O-O 8. O-O Rb8 9. Ne5 Qc7 10.
Nxc6 bxc6 11. dxc5 Nd7 12. Qh5 f5 13. f4 Bxc5 14.
Rf3 Nf6 15. Qh4 Bd7 16. Rh3 h6 17. c4 Qb6 18. Re1 Ng4 19. Nf1 e5 20. fxe5 f4 21.
Qh5 fxe3 22. e6 e2+ 23. Kh1 Nf2+ 24. Kg1 Nxd3+ 25. Kh1 Rxf1+ 0-1

[Event "Early-Titled-Tuesday-Blitz-September-12-2023"]
[Site "Chess.com"]
[Date "2023.09.12"]
[Round "8"]
[White "Tea99"]
[Black "cukin84"]
[Result "0-1"]
[WhiteElo "2389"]
[BlackElo "2233"]
[TimeControl "180+1"]
[EndTime "9:28:01 PDT"]
[Termination "cukin84 won on time"]

1. Nf3 f5 2. e3 Nf6 3. b3 g6 4. Bb2 Bg7 5. d3 d6 6. Nbd2 e5 7. Be2 O-O 8. c4 Nc6 9. O-O h6 10. Rc1 g5 11. Ne1 a5 12. a3 b6 13. Qc2 g4 14. f3 Qe8 15. fxg4 fxg4 16. g3 h5 17. Ng2 Bh6 18. Rce1 Qg6 19. Kh1 Be6 20. Bd1 d5 21. c5 Rac8 22. Nh4 Qh7 23. Ng2 Bg5 24.
Re2 h4 25. gxh4 Bxh4 26. d4 e4 27. Nxh4 Qxh4 28. Rg2 Nh5 29. Rfg1 Rf2 30. Rxf2 Qxf2 31. Bxg4 Bxg4 32. Rxg4+ Kh7 33. Qd1 Rf8 34. Rg2 Qh4 35. cxb6 cxb6 36. Nf1 Rf3 37. Bc1 Ne7 38. Kg1 Ng6 39. Qc2 Qf6 40. Qc7+ Kh6 0-1

[Event "Early-Titled-Tuesday-Blitz-September-12-2023"]
[Site "Chess.com"]
[Date "2023.09.12"]
[Round "8"]
[White "shimastream"]
[Black "econpower"]
[Result "1-0"]
[WhiteElo "2958"]
[BlackElo "2765"]
[TimeControl "180+1"]
[EndTime "9:28:02 PDT"]
[Termination "shimastream won by resignation"]

1. c4 g6 2. Nc3 Bg7 3. g3 d6 4. d4 Nd7 5. Bg2 e5 6. e3 Ne7 7. Nge2 O-O 8. O-O f5 9. Rb1 a5 10. a3 g5 11. f4 gxf4 12. exf4 e4 13. Be3 c6 14. b4 axb4 15. axb4 d5 16. c5 b5 17. Ra1 Bb7 18. h3 Nf6 19. Qd2 Qd7 20.
Rfb1 h5 21. Nc1 Rxa1 22. Rxa1 Ra8 23. Rxa8+ Bxa8 24. Nb3 Bb7 25. Qf2 Ng6 26. Bf1 Bf8 27. Be2 Kh7 28. Nd1 Bc8 29. Bd2 Be7 30. Ne3 Bd8 31. Ng2 Qg7 32. Kh2 Qa7 33. Na5 Bxa5 34. bxa5 Qc7 35. Qe1 Kg7 36. Qd1 Kh6 37. Kg1 Ne7 38. Ne3 Kg6 39. Nc2 Ba6 40. Nb4 Qa7 41. g4 hxg4 42. hxg4 fxg4 43. Bxg4 Kf7 44. Bh3 Bc8 45.
Bxc8 Nxc8 46. Nxc6 Qd7 47. Ne5+ 1-0

[Event "Early-Titled-Tuesday-Blitz-September-12-2023"]
[Site "Chess.com"]
[Date "2023.09.12"]
[Round "8"]
[White "Flaccidmoves"]
[Black "Akylbek2021"]
[Result "1-0"]
[WhiteElo "2468"]
[BlackElo "2305"]
[TimeControl "180+1"]
[EndTime "9:28:04 PDT"]
[Termination "Flaccidmoves won by resignation"]

1. Nf3 Nf6 2. c4 c6 3. b3 d5 4.
e3 Bf5 5. Bb2 Nbd7 6. Nc3 e6 7.
d4 Bd6 8. Bd3 Bg6 9. O-O Ne4 10.
Bxe4 dxe4 11. Nd2 f5 12. d5 exd5 13. cxd5 Nf6 14. dxc6 Bxh2+ 15. Kxh2 Ng4+ 16. Kg3 Qd6+ 17. f4 exf3+ 18. Kxf3 Bh5 19. Nc4 Qxc6+ 20. Kg3 Qc7+ 21. Qd6 Qf7 22. Nd5 Rd8 23. Nc7+ Qxc7 24. Qxc7 Nxe3 25. Nxe3 f4+ 26. Rxf4 1-0

[Event "Early-Titled-Tuesday-Blitz-September-12-2023"]
[Site "Chess.com"]
[Date "2023.09.12"]
[Round "8"]
[White "wild3000"]
[Black "twofoxniel"]
[Result "0-1"]
[WhiteElo "2428"]
[BlackElo "2615"]
[TimeControl "180+1"]
[EndTime "9:28:05 PDT"]
[Termination "twofoxniel won by resignation"]

1. d4 d5 2. c4 c6 3. Nf3 Nf6 4. e3 Bf5 5. Nc3 e6 6. Be2 Nbd7 7. O-O Be7 8. a3 O-O 9. b4 Ne4 10. Bb2 Bf6 11. Nxe4 Bxe4 12. Nd2 Bg6 13. Nb3 Re8 14. Nc5 Nxc5 15. bxc5 dxc4 16. Bxc4 e5 17. d5 cxd5 18.
Qxd5 Qc7 19. Rfc1 Rad8 20. e4 Rxd5 21. Bxd5 Be7 22. c6 bxc6 23. Rxc6 Qb8 24. Bc3 Rc8 25. Bxe5 Qxe5 26. Rxc8+ Bf8 27. Re1 Bh5 28. h3 g5 29. Rb1 Kg7 30. Rb7 Qa1+ 31. Kh2 Bd6+ 32. g3 Qf1 33. Rb2 Bf3 0-1

[Event "Early-Titled-Tuesday-Blitz-September-12-2023"]
[Site "Chess.com"]
[Date "2023.09.12"]
[Round "8"]
[White "FredddieCroderg"]
[Black "MokshAD1603"]
[Result "0-1"]
[WhiteElo "2317"]
[BlackElo "2591"]
[TimeControl "180+1"]
[EndTime "9:28:06 PDT"]
[Termination "MokshAD1603 won on time"]

1. e4 c6 2. d3 d5 3. Nd2 Nf6 4. Ngf3 g6 5. g3 Bg7 6. Bg2 O-O 7. O-O Nbd7 8. e5 Ng4 9. e6 fxe6 10. Ng5 Ndf6 11. Qe2 e5 12. h3 Nh6 13. Ngf3 Nf7 14.
Re1 e6 15. c3 Bd7 16. h4 Qb6 17.
Bh3 Rae8 18. Kg2 c5 19. c4 e4 20. dxe4 Bc6 21. cxd5 exd5 22. e5 d4 23. Kg1 Nd5 24. e6 Nd6 25. Nc4 Nxc4 26. Qxc4 Rxf3 27. Bg2 Rf5 28.
g4 Nf4 0-1

[Event "Early-Titled-Tuesday-Blitz-September-12-2023"]
[Site "Chess.com"]
[Date "2023.09.12"]
[Round "8"]
[White "AleksandrAleksikov"]
[Black "Chessbard1972"]
[Result "1-0"]
[WhiteElo "2285"]
[BlackElo "2446"]
[TimeControl "180+1"]
[EndTime "9:28:07 PDT"]
[Termination "AleksandrAleksikov won by resignation"]

1. e4 e5 2. Nf3 Nc6 3. c3 Nf6 4. d4 d5 5. Bb5 Nxe4 6. Nxe5 Bd7 7. Qb3 Nxe5 8. Qxd5 Bxb5 9. Qxe5+ Qe7 10. Qxb5+ c6 11. Qe2 O-O-O 12. Nd2 f5 13. Nxe4 fxe4 14. Bf4 g5 15.
Qg4+ Qd7 16. Qxd7+ Rxd7 17. Bxg5 Rg8 18. Bf4 h5 19. g3 h4 20. O-O Bd6 21. Bxd6 Rxd6 22. Rae1 Re6 23. Re3 Rh6 24. Rxe4 hxg3 25. fxg3 Rgh8 26.
Rf2 R8h7 27. Ref4 Kc7 28. Rf7+ Kd6 29. Rxh7 Rxh7 30. Re2 Kd5 31. Kg2 Kc4 32. Re3 b5 33. b3+ Kd5 34. Re5+ Kd6 35. g4 a5 36. Kg3 a4 37. bxa4 bxa4 38. Ra5 Rf7 39. Rxa4 Kd5 40. Ra5+ Ke4 41. Re5+ Kd3 42. Rf5 Ra7 43. Rf3+ Kc4 44. g5 Rxa2 45. h4 c5 46. dxc5 Kxc5 47. h5 Kd5 48. g6 Ke6 49. g7 1-0

[Event "Early-Titled-Tuesday-Blitz-September-12-2023"]
[Site "Chess.com"]
[Date "2023.09.12"]
[Round "8"]
[White "Rickstereo"]
[Black "Vuk2000"]
[Result "0-1"]
[WhiteElo "2572"]
[BlackElo "2764"]
[TimeControl "180+1"]
[EndTime "9:28:08 PDT"]
[Termination "Vuk2000 won by resignation"]

1. Nf3 e6 2. g3 Nf6 3. Bg2 d5 4. c4 Be7 5. O-O O-O 6. Qc2 c6 7. d3 a5 8. Nbd2 b5 9. b3 a4 10. Bb2 a3 11. Be5 Nbd7 12. Bf4 Bb7 13. Rac1 Qb6 14.
cxb5 cxb5 15. Qc7 Qa6 16. Bg5 Rfc8 17. Qf4 h6 18. Bxf6 Bxf6 19. e4 Qb6 20. e5 Be7 21. d4 b4 22. Rfd1 Rc3 23. Nb1 Rxc1 24. Rxc1 Nb8 25. Bf1 Nc6 26. Bd3 Rc8 27. h4 Bd8 28. g4 Nxd4 29. Rf1 Nxf3+ 30. Qxf3 Bxh4 0-1